 Dungeon Crawl Stone Soup version 0.20-a0-298-g82a587e (webtiles) character file.

102 PurpleRed the Conjurer (level 4, 0/39 HPs)
             Began as an Ogre Conjurer on Dec 15, 2016.
             Succumbed to an orc wizard's poison
             ... on level 3 of the Dungeon.
             The game lasted 00:07:04 (2250 turns).

PurpleRed the Conjurer (Ogre Conjurer)              Turns: 2250, Time: 00:07:04

Health: 0/39       AC:  4    Str: 12    XL:     4   Next: 77%
Magic:  5/8        EV: 10    Int: 20    God:
Gold:   155        SH:  0    Dex:  9    Spells: 6/9 levels left

rFire  . . .     SeeInvis .     k - +0 club
rCold  . . .     Gourm    .     t - +0 robe (curse)
rNeg   . . .     Faith    .     (no shield)
rPois  .         Spirit   .     (helmet restricted)
rElec  .         Reflect  .     o - +0 cloak
rCorr  +         Harm     .     (gloves unavailable)
MR     .....                    (boots unavailable)
Stlth  +.........               (no amulet)
                                q - +3 ring of intelligence
                                i - ring of resist corrosion

@: lethally poisoned (0 -> -29)
A: unfitting armour, tough skin 1
a: no special abilities


You were on level 3 of the Dungeon.
You were not hungry.

You visited 1 branch of the dungeon, and saw 3 of its levels.

You collected 155 gold pieces.

Inventory:

Hand Weapons
 k - a +0 club (weapon)
Armour
 a - a +0 robe
 o - a +0 cloak (worn)
 t - a cursed +0 robe (worn)
Jewellery
 i - a ring of resist corrosion (left hand)
 q - a +3 ring of intelligence (right hand)
 r - an uncursed ring of ice {unknown}
Scrolls
 d - a scroll of immolation {unknown}
 e - a scroll of identify {unknown}
 f - a scroll of remove curse {unknown}
 g - a scroll of teleportation {unknown}
 m - a scroll of random uselessness {unknown}
 n - a scroll of fog {unknown}
Potions
 l - a potion of curing {unknown}
 p - a potion of invisibility {unknown}
 s - a potion of agility
Books
 b - a book of Conjurations

   Spells                             Type                      Level
   a - Magic Dart                     Conjuration                  1
   b - Searing Ray                    Conjuration                  2
   c - Dazzling Spray                 Conjuration/Hexes            3
   d - Fulminant Prism                Conjuration/Hexes            4
   e - Iskenderun's Mystic Blast      Conjuration                  4
   f - Iskenderun's Battlesphere      Conjuration/Charms           5
 j - a book of Cantrips

   Spells                             Type                      Level
   a - Confusing Touch                Hexes                        1
   b - Animate Skeleton               Necromancy                   1
   c - Summon Small Mammal            Summoning                    1
   d - Apportation                    Translocation                1
Comestibles
 c - a bread ration
 u - a meat ration


   Skills:
 - Level 1.7 Dodging
 - Level 1.4 Stealth
 + Level 3.3 Spellcasting
 * Level 5.0 Conjurations


You had 6 spell levels left.
You knew the following spells:

 Your Spells              Type           Power        Failure   Level  Hunger
a - Magic Dart            Conj           ###.         1%          1    None
b - Searing Ray           Conj           ###...       2%          2    ##.....


Dungeon Overview and Level Annotations

Branches:
Dungeon (3/15)

Altars:
Ru


Innate Abilities, Weirdness & Mutations

You are too large for most types of armour.
You have tough skin. (AC +1)


Message History

The orc closely misses you.
The orc wizard hits you with a dagger of venom.
You are more poisoned.
You feel very sick. The orc barely misses you.
The orc wizard casts a spell at you. The magic dart hits you!
* * * LOW HITPOINT WARNING * * *
You feel very sick.
The orc wizard mumbles some strange words.
The orc wizard blinks!
Okay, then.
* * * LOW HITPOINT WARNING * * *
You feel sick.
The orc wizard points at you and mumbles some strange words.
The magic dart hits you!
* * * LOW HITPOINT WARNING * * *
The orc barely misses you.
It was a potion of cancellation.
You feel magically purged.
You die...

.# #.#.....#############.#.######
.# #>............................
.###.######.############.#.#####.
..........#.# #.........
####.###....# ########.......#
#......### <..........⌠...#
#.###.###############......###
####.....#......o................
...........)..o.@..............§.
.##########..###################.
.#.########..###### #.
................... #.
##................. #.
#................. #.
#................. #.
##................. #.
...................


You could see an orc wizard and an orc.

Vanquished Creatures
  A centaur skeleton (D:3)
  3 adders
  A worm (D:2)
  3 dart slugs
  2 leopard geckos (D:2)
  2 orcs (D:3)
  A giant cockroach (D:2)
  5 goblins
  4 hobgoblins
  7 kobolds
  A quokka (D:3)
  A bat (D:2)
  A frilled lizard (D:1)
  4 rats
36 creatures vanquished.

Notes
Turn   | Place    | Note
-------+----------+-------------------------------------------
     0 | D:1      | PurpleRed the Ogre Conjurer began the quest for the Orb.
     0 | D:1      | Reached XP level 1. HP: 16/16 MP: 3/3
   388 | D:1      | Reached XP level 2. HP: 24/24 MP: 3/5
   403 | D:1      | Learned a level 2 spell: Searing Ray
   459 | D:1      | Reached skill level 4 in Conjurations
   814 | D:1      | Reached XP level 3. HP: 31/31 MP: 1/7
   909 | D:2      | Found a sacrificial altar of Ru.
  1038 | D:2      | Found a faded altar of an unknown god.
  1380 | D:2      | Reached XP level 4. HP: 39/39 MP: 3/8
  1963 | D:3      | Reached skill level 5 in Conjurations
  2250 | D:3      | Succumbed to an orc wizard's poison

Vault maps used:
D:1:      sevenhm_arrival_forest_fort_small_3
D:2:      nicolae_ru_the_path_less_chosen, chequers_ecumenical_altar_twisty
D:3:      solitary_fountain

Skill      XL: |  1  2  3  4 |
---------------+-------------+-----
Conjurations   | 4 5 |  5.0
Spellcasting   | 3 |  3.3
Dodging        | |  1.7
Stealth        | |  1.4

Action                   |  1- 3 |  4- 6 || total
-------------------------+-------+-------++-------
Melee: Club              |     7 |     5 ||    12
 Cast: Magic Dart        |    34 |    20 ||    54
       Searing Ray       |     4 |     3 ||     7
  Use: Potion            |       |     1 ||     1
  Eat: Chunk             |     1 |     1 ||     2
       Royal jelly       |       |     1 ||     1
Armor: Robe              |     3 |     2 ||     5
Dodge: Dodged            |     6 |     9 ||    15
